 Dungeon Crawl Stone Soup version 0.31-a0-174-g85c54bcb58 (webtiles) character file.

Game seed: 6705285241544865900

1286 qw the Cleaver (level 8, -4/51 HPs)
             Began as a Gargoyle Fighter on June 15, 2023.
             Slain by a skeletal warrior
             ... wielding a +0 war axe
              (19 damage)
             ... on level 6 of the Dungeon.
             The game lasted 00:01:58 (4560 turns).

qw the Cleaver (Gargoyle Fighter)                   Turns: 4560, Time: 00:01:59

Health: -4/51      AC: 18    Str: 22    XL:     8   Next: 55%
Magic:  0/7        EV: 11    Int:  9    God:
Gold:   276        SH:  8    Dex:  9    Spells: 7/7 levels left

rFire   . . .        Y - +0 war axe (flame)
rCold   . . .        c - +0 buckler
rNeg    + . .        r - +0 plate armour
rPois   inf          (no helmet)
rElec   +            (no cloak)
rCorr   +            (no gloves)
SInv    .            o - +0 pair of boots
Will    .....        i - amulet of guardian spirit Stlth
                     g - +5 ring of evasion
HPRegen 0.28/turn    m - ring of resist corrosion
MPRegen 0.10/turn

%: guardian spirit
@: no status effects
A: sickness immunity, AC +5, negative energy resistance 1, electricity
resistance, torment resistance 1, petrification resistance, large bone plates 1,
low MP 1, subdued magic 1
a: no special abilities


You were on level 6 of the Dungeon.
You visited 1 branch of the dungeon, and saw 6 of its levels.

You collected 276 gold pieces.


Innate Abilities, Weirdness & Mutations

You are immune to sickness and miasma.
Your stone body is resilient. (AC +5)
You are immune to poison.
You resist negative energy. (rN+)
You are resistant to electric shocks. (rElec)
You are resistant to unholy torment.
You are immune to petrification.
You are partially covered in large bone plates. (SH +4)
Your magical capacity is low. (-10% MP)
Your spells are a little easier to cast, but a little less powerful.


   Skills:
 + Level 5.7 Fighting
 - Level 8.0 Axes
 - Level 4.5 Armour
 - Level 1.0 Dodging
 - Level 3.2 Shields


You had 7 spell levels left.
You didn't know any spells.
Your spell library was empty.

Inventory:

Hand Weapons
 Y - a +0 war axe of flaming (weapon)
Armour
 c - a +0 buckler (worn)
 l - the +1 leather armour of the Feral God {Contam Rampage rF+++ rC++}
   (You found it on level 2 of the Dungeon)

   rF:        It renders you almost immune to fire.
   rC:        It greatly protects you from cold.
   Contam:    It causes magical contamination when unequipped.
   Rampage:   It bestows one free step when moving towards enemies.
 o - a +0 pair of boots (worn)
 r - a +0 plate armour (worn)
Jewellery
 e - a ring of resist corrosion
 g - a +5 ring of evasion (left hand)
 i - an amulet of guardian spirit (around neck)
 m - a ring of resist corrosion (right hand)
 p - a ring of positive energy
 t - a ring of ice
Scrolls
 a - 4 scrolls of identify
 q - 3 scrolls of teleportation
Potions
 d - 2 potions of might
 h - a potion of attraction
 j - a potion of heal wounds
 k - a potion of lignification
 n - 6 potions of curing

Dungeon Overview and Level Annotations

Branches:
Dungeon (6/15)
 Temple: D:4-7

Altars:
Dithmenos
Kikubaaqudgha
Nemelex Xobeh
Trog
The Shining One


Message History

Your Armour skill increases to level 4!
You start resting.
Magic restored.
You start resting.
HP restored.
Your magical contamination has completely faded away.
A skeletal warrior comes into view. It is wielding a +0 war axe.
You hit the skeletal warrior but do no damage.
You block the skeletal warrior's attack.
The skeletal warrior barely misses you.
You hit the skeletal warrior but do no damage.
The skeletal warrior closely misses you.
You hit the skeletal warrior but do no damage.
The skeletal warrior hits you with a +0 war axe!
You slash the skeletal warrior! You burn the skeletal warrior.
The skeletal warrior is lightly damaged.
The skeletal warrior hits you but does no damage.
You slash the skeletal warrior! You burn the skeletal warrior.
The skeletal warrior is moderately damaged.
The skeletal warrior hits you with a +0 war axe.
You hit the skeletal warrior. You burn the skeletal warrior.
The skeletal warrior is heavily damaged.
The skeletal warrior hits you with a +0 war axe!
You barely miss the skeletal warrior.
The skeletal warrior is heavily damaged.
The skeletal warrior hits you with a +0 war axe.
You barely miss the skeletal warrior.
The skeletal warrior is moderately damaged.
The skeletal warrior barely misses you.
The skeletal warrior completely misses you.
You closely miss the skeletal warrior.
The skeletal warrior is moderately damaged.
The skeletal warrior misses you.
You slash the skeletal warrior! You burn the skeletal warrior.
The skeletal warrior is heavily damaged.
The skeletal warrior hits you with a +0 war axe!
You barely miss the skeletal warrior.
The skeletal warrior is heavily damaged.
The skeletal warrior hits you with a +0 war axe!!
You die...

#.....###...#####
.....##.####.....#
##....#..#######.##
..(.....<.# ####..#
.........## #.....#
...>.....# ##.####
....#....# #.## #
..###...## #.#.##.#
. .#### ####@z# ..
#.#.# .. ..# # .##.
## #


You could see a skeletal warrior.

Vanquished Creatures
  Grinder (D:4)
  A wyvern (D:6)
  3 yaks (D:5)
  Duvessa (D:4)
  2 phantoms
  Dowan (D:4)
  An orc wizard (D:3)
  An iguana (D:5)
  8 adders
  An ufetubus (D:5)
  2 worms
  4 dart slugs
  6 orcs
  5 endoplasms
  5 giant cockroaches
  10 goblins
  7 hobgoblins
  3 jackals (D:1)
  4 kobolds
  3 quokkas
  7 ball pythons
  8 bats
  2 frilled lizards
  4 rats
90 creatures vanquished.

Notes
Turn   | Place    | Note
-------+----------+-------------------------------------------
     0 | D:1      | qw the Gargoyle Fighter began the quest for the Orb.
     0 | D:1      | Reached XP level 1. HP: 14/14 MP: 1/1
     0 | D:1      | 0 ||| qw: Version: 0.2-a-29-g511e9b1
     0 | D:1      | 0 ||| qw: Game counter: 5404
     0 | D:1      | 0 ||| qw: Always use a shield: true
     0 | D:1      | 0 ||| qw: God list: Okawaru
     0 | D:1      | 0 ||| qw: Allow faded altars: false
     0 | D:1      | 0 ||| qw: Do Orc after D:15 true
     0 | D:1      | 0 ||| qw: Do second Lair branch before Depths: true
     0 | D:1      | 0 ||| qw: Lair rune preference: random
     0 | D:1      | 0 ||| qw: Plans: Normal, Zot:1-4, Slime:5, God:TSO, Crypt,
                  | Tomb, Abyss, Pan, Hells, Win
     0 | D:1      | 0 ||| PLANNING D:1-11
    17 | D:1      | Reached skill level 2 in Axes
    52 | D:1      | Reached XP level 2. HP: 19/19 MP: 2/2
   110 | D:1      | 110 ||| Stepping ~*~*~tactically~*~*~ (stealth).
   112 | D:1      | 112 ||| Stepping ~*~*~tactically~*~*~ (stealth).
   194 | D:1      | Reached skill level 3 in Axes
   317 | D:1      | Reached XP level 3. HP: 22/23 MP: 3/3
   437 | D:1      | Found a faded altar of an unknown god.
   444 | D:1      | Noticed a great orb of eyes
   451 | D:1      | Noticed a shining eye
   459 | D:1      | Noticed an eye of devastation
   464 | D:1      | Noticed a golden eye
   806 | D:1      | 806 ||| UPGRADING to amulet of guardian spirit.
   811 | D:1      | 811 ||| UPGRADING to +5 ring of evasion.
   812 | D:1      | 812 ||| READING 2 scrolls labelled TOECZU CIHEOTU.
   813 | D:1      | 813 ||| READING scroll labelled DOISCH POMNE.
   814 | D:1      | 814 ||| DROPPING +0 whip.
   815 | D:1      | 815 ||| READING scroll labelled HAIS UTZAFIA.
   828 | D:1      | 828 ||| READING scroll labelled RUTYFU NYRCHU.
   990 | D:2      | Identified the +1 leather armour of the Feral God {Contam
                  | Rampage rF+++ rC++}
  1348 | D:2      | Found a shadowy altar of Dithmenos.
  1385 | D:2      | 1385 ||| Stepping ~*~*~tactically~*~*~ (stealth).
  1393 | D:2      | Reached XP level 4. HP: 28/28 MP: 4/4
  1521 | D:2      | Reached skill level 4 in Axes
  1749 | D:2      | 1749 ||| UPGRADING to +1 leather armour of the Feral God
                  | {Contam Rampage rF+++ rC++}.
  1759 | D:2      | 1759 ||| UPGRADING to +0 pair of boots.
  1764 | D:2      | 1764 ||| UPGRADING to ring of resist corrosion.
  1765 | D:2      | 1765 ||| READING 3 scrolls labelled ANU SUJATUQOY.
  1766 | D:2      | 1766 ||| READING scroll labelled WAEDUI GUEROSM.
  1769 | D:2      | 1769 ||| READING scroll labelled IVE FOECACULL.
  1770 | D:2      | 1770 ||| DRINKING 2 bubbling red potions.
  1770 | D:2      | Gained mutation: Your muscles are strong. (Str +4, Int/Dex
                  | -1) [potion of mutation]
  1770 | D:2      | Gained mutation: Armour fits poorly on your strangely
                  | shaped body. [potion of mutation]
  1770 | D:2      | Gained mutation: You are partially covered in large bone
                  | plates. (SH +4) [potion of mutation]
  1770 | D:2      | Gained mutation: You are somewhat resistant to further
                  | mutation. [potion of mutation]
  1771 | D:2      | 1771 ||| DRINKING potion of mutation.
  1771 | D:2      | Lost mutation: You are somewhat resistant to further
                  | mutation. [potion of mutation]
  1771 | D:2      | Lost mutation: Your muscles are strong. (Str +4, Int/Dex
                  | -1) [potion of mutation]
  1771 | D:2      | Lost mutation: Armour fits poorly on your strangely shaped
                  | body. [potion of mutation]
  1771 | D:2      | Gained mutation: Your spells are a little easier to cast,
                  | but a little less powerful. [potion of mutation]
  1771 | D:2      | Gained mutation: Your magical capacity is low. (-10% MP)
                  | [potion of mutation]
  1772 | D:2      | 1772 ||| DRINKING 3 metallic puce potions.
  1773 | D:2      | 1773 ||| READING 3 scrolls of identify.
  1773 | D:2      | 1773 ||| IDENTIFYING orange potion
  1774 | D:2      | 1774 ||| READING 2 scrolls of identify.
  1774 | D:2      | 1774 ||| IDENTIFYING fuming yellow potion
  1775 | D:2      | 1775 ||| DROPPING 2 scrolls of fog.
  1999 | D:3      | Reached skill level 1 in Dodging
  2003 | D:3      | Reached XP level 5. HP: 32/32 MP: 4/4
  2171 | D:3      | Found an ancient bone altar of Kikubaaqudgha.
  2172 | D:3      | Found a sparkling altar of Nemelex Xobeh.
  2173 | D:3      | 2173 ||| Stepping ~*~*~tactically~*~*~ (stealth).
  2527 | D:3      | 2527 ||| DROPPING +0 scale mail.
  2528 | D:3      | 2528 ||| READING 4 scrolls of identify.
  2528 | D:3      | 2528 ||| IDENTIFYING green potion
  2529 | D:3      | 2529 ||| DROPPING potion of degeneration.
  2539 | D:4      | Noticed Dowan
  2541 | D:4      | Noticed Duvessa
  2552 | D:4      | Killed Duvessa
  2553 | D:4      | Reached skill level 5 in Axes
  2553 | D:4      | Reached XP level 6. HP: 17/37 MP: 2/5
  2553 | D:4      | Killed Dowan
  3073 | D:4      | Found a glowing golden altar of the Shining One.
  3208 | D:4      | Noticed Grinder
  3224 | D:4      | Killed Grinder
  3225 | D:4      | Reached skill level 6 in Axes
  3225 | D:4      | Reached XP level 7. HP: 43/43 MP: 4/6
  3332 | D:4      | Found a bloodstained altar of Trog.
  3770 | D:4      | 3770 ||| READING 2 scrolls labelled ZIYJUO HOJECIH.
  3771 | D:4      | 3771 ||| READING 4 scrolls of identify.
  3771 | D:4      | 3771 ||| IDENTIFYING black potion
  3772 | D:4      | 3772 ||| DROPPING scroll of vulnerability.
  3833 | D:5      | Entered Level 5 of the Dungeon
  3925 | D:5      | Reached skill level 7 in Axes
  4127 | D:5      | Noticed a yak
  4131 | D:5      | Noticed a yak
  4133 | D:5      | Noticed a yak
  4150 | D:5      | Killed a yak
  4154 | D:5      | Killed a yak
  4155 | D:5      | Reached XP level 8. HP: 17/51 MP: 3/7
  4156 | D:5      | Killed a yak
  4157 | D:5      | Reached skill level 8 in Axes
  4444 | D:5      | 4444 ||| DROPPING +0 chain mail.
  4445 | D:5      | 4445 ||| UPGRADING to +0 plate armour.
  4455 | D:5      | 4455 ||| DROPPING ring of wizardry.
  4456 | D:5      | 4456 ||| READING scroll labelled FANOER QOGO.
  4507 | D:6      | Noticed a wyvern
  4514 | D:6      | Killed a wyvern
  4549 | D:6      | Noticed a skeletal warrior
  4560 | D:6      | Slain by a skeletal warrior

Levels and vault maps discovered:
D:1:      minmay_arrival_semitransparent, layout_basic,
          hellmonk_ecumenical_altar_watching_god
D:2:      layout_loops_corners, basic_altar, eino_tiny_chamber
D:3:      layout_loops_cross, gammafunk_temple_overflow_pools
D:4:      layout_basic, nicolae_tso_swordbearing_angel,
          mainiacjoe_overflow_alcove_4, uniq_grinder, uniq_duvessa
D:5:      layout_rooms
D:6:      minmay_cornered_nines, layout_cave_pools, nicolae_ru_awakened_eye,
          nicolae_qazlal_general_emergency, moated_statue

Skill      XL: |  1  2  3  4  5  6  7  8 |
---------------+-------------------------+-----
Axes           | 2 3 4 5 6 7 8 |  8.0
Dodging        | 1 |  1.0
Fighting       | 4 5 |  5.7
Armour         | 4 |  4.5
Shields        | |  3.2

Action                     |  1- 3 |  4- 6 |  7- 9 || total
---------------------------+-------+-------+-------++-------
  Melee: War axe           |   115 |   107 |    75 ||   297
  Throw: Boomerang         |       |    21 |    13 ||    34
    Use: Scroll            |     4 |     6 |     3 ||    13
         Potion            |       |     3 |       ||     3
 Armour: Scale mail        |    47 |       |       ||    47
         Leather armour    |       |    13 |    10 ||    23
         Plate armour      |       |       |     3 ||     3
  Dodge: Dodged            |    59 |    61 |    33 ||   153
  Block: Buckler           |    24 |    26 |    19 ||    69

Table legend:
 A = Non-vault XP
 B = Vault XP
 C = Vault XP percentage of total XP
 D = Non-vault monster count
 E = Vault monster count
 F = Vault count percentage of total count
                 A         B        C        D         E       F
            +---------+---------+-------+---------+---------+-------
      Total |    1150 |     688 |  37.4 |      86 |       4 |   4.4
            +---------+---------+-------+---------+---------+-------
        D:1 |      60 |       0 |   0.0 |      31 |       0 |   0.0
        D:2 |      43 |       0 |   0.0 |      12 |       0 |   0.0
        D:3 |     110 |       0 |   0.0 |      24 |       0 |   0.0
        D:4 |     147 |     478 |  76.5 |      11 |       3 |  21.4
        D:5 |     790 |       0 |   0.0 |       8 |       0 |   0.0
        D:6 |       0 |     210 | 100.0 |       0 |       1 | 100.0
            +---------+---------+-------+---------+---------+-------
